Map: Ruins of Seras

Players

Kelazhur

  • Race: Terran Terran
  • League: Master

Petraeus - Winner!

  • Race: Zerg Zerg
  • League: Grandmaster

VOD

Have the link to the VOD?

Description

Time

  • Played on: Dec. 20, 2015, 2:04 a.m.
  • Length: 12:30
Show
View Real Time Build Order
Export as new Build Order

Kelazhur Terran 

Build Orders: MMM Bio 

Get SALT Encoding   

  12  0:01  SCV  
  13  0:13  SCV  
  14  0:18  Supply Depot  
  14  0:25  SCV  
  15  0:40  SCV, Barracks  
  16  0:46  Refinery  
  16  0:52  SCV  
  17  1:04  SCV  
  18  1:16  SCV  
  19  1:28  Barracks Reactor, Orbital Command  
  19  1:43  Command Center  
  20  1:54  SCV  
  20  2:03  Supply Depot  
  20  2:08  Reaper x2  
  22  2:09  SCV  
  22  2:11  Refinery  
  23  2:25  SCV  
  24  2:37  SCV  
  24  2:40  Reaper x2  
  27  2:49  SCV  
  28  2:55  Orbital Command  
  28  2:58  Factory  
  28  3:01  SCV  
  29  3:13  SCV  
  29  3:15  Command Center, Reaper  
  29  3:18  Reaper  
  32  3:22  SCV  
  32  3:25  SCV  
  34  3:35  SCV, Supply Depot  
  34  3:38  SCV  
  36  3:47  Starport  
  36  3:53  SCV x2  
  38  3:56  Hellion x2  
  38  3:58  Supply Depot  
  38  4:00  Barracks Tech Lab  
  42  4:05  SCV x2  
  42  4:09  Liberator  
  44  4:10  Bunker  
  44  4:17  SCV x2, Hellion x2  
  44  4:21  Stimpack  
  50  4:24  Supply Depot  
  53  4:34  Orbital Command  
  53  4:35  SCV  
  53  4:37  SCV  
  55  4:44  Hellion x2  
  59  4:47  SCV  
  59  4:49  SCV  
  57  4:54  Marauder  
  57  4:59  SCV x2  
  53  5:01  SCV  
  53  5:11  SCV x2  
  53  5:13  SCV  
  55  5:18  Marauder  
  57  5:23  SCV x2  
  57  5:26  Supply Depot  
  59  5:28  SCV  
  61  5:35  SCV  
  61  5:37  SCV  
  61  5:38  Barracks x2  
  61  5:41  SCV  
  63  5:47  SCV  
  61  5:57  SCV  
  61  6:00  Factory Reactor, Marauder  
  61  6:02  SCV  
  61  6:03  Refinery x2, Engineering Bay  
  61  6:04  Engineering Bay  
  64  6:05  SCV  
  65  6:16  SCV x2  
  65  6:18  Starport Reactor  
  67  6:23  Barracks x2  
  67  6:24  SCV  
  68  6:28  SCV x2, Orbital Command  
  68  6:30  Terran Infantry Weapons Level 1, Terran Infantry Armor Level 1  
  67  6:41  Combat Shields, Marine  
  67  6:42  Bunker, Marine  
  67  6:46  SCV  
  70  6:48  Factory Tech Lab  
  70  6:49  SCV  
  70  6:50  Supply Depot, Marine x2  
  70  6:52  Marauder  
  75  6:57  SCV  
  75  6:58  SCV  
  75  6:59  Medivac  
  75  7:00  Medivac  
  75  7:01  SCV  
  82  7:09  SCV  
  82  7:10  SCV  
  82  7:11  Supply Depot, Marine  
  82  7:12  Barracks Reactor x2  
  82  7:13  SCV  
  84  7:19  Siege Tank  
  84  7:21  SCV  
  84  7:22  SCV, Marine  
  89  7:25  SCV, Marine x3  
  89  7:29  Marine  
  92  7:33  SCV  
  92  7:34  SCV  
  91  7:37  SCV  
  91  7:38  Supply Depot  
  91  7:43  Marauder  
  94  7:45  Armory, SCV, Medivac x2  
  94  7:46  SCV  
  94  7:49  SCV  
  101  7:59  Siege Tank, Refinery, Marine x5  
  101  8:00  Supply Depot  
  109  8:09  Marine x2  
  109  8:10  Marauder, Marine  
  114  8:15  Barracks  
  114  8:16  Barracks x2  
  114  8:18  Medivac  
  116  8:22  Medivac  
  117  8:35  Supply Depot  
  117  8:36  Supply Depot  
  117  8:37  Supply Depot  
  117  8:38  Command Center, Marauder, Marine x6  
  125  8:41  Terran Infantry Weapons Level 2  
  125  8:43  Terran Infantry Armor Level 2  
  125  8:46  Marine  
  125  8:47  Marine  
  125  8:49  Concussive Shells  
  122  8:56  Marine x2  
  122  8:59  Marine x5  
  122  9:02  Medivac x2  
  131  9:03  Siege Tank  
  131  9:04  Marine  
  131  9:06  Supply Depot, Refinery  
  131  9:09  Barracks Reactor, Barracks Tech Lab, Marine  
  136  9:10  Barracks Tech Lab  
  135  9:25  Marine  
  135  9:26  Marauder  
  136  9:32  Marauder, Medivac x2, Marine x7  
  149  9:39  Supply Depot  
  149  9:43  Supply Depot  
  144  9:47  Marauder, Marine x3  
  144  9:48  Marauder  
  144  9:50  Marine x5  
  156  9:59  Marauder  
  158  10:05  Medivac x2  
  158  10:06  Siege Tank  
  164  10:09  Marauder  
  157  10:20  Marauder  
  144  10:27  Marauder  
  120  10:36  Ghost Academy  
  120  10:37  Marauder, Marine x7  
  120  10:42  Missile Turret  
  128  10:43  Marine x4  
  132  10:55  Marine, Marauder  
  117  11:34  Ghost x3  
  117  11:35  Marine x10  
  126  11:42  Planetary Fortress  
  112  11:53  Marine x3  
  75  12:01  Marine x2  
  75  12:02  Marine  
  75  12:08  Marine x2  
Show
View Real Time Build Order
Export as new Build Order

Petraeus Zerg - Winner!

Build Orders: Hatch First 

Get SALT Encoding   

  12  0:00  Drone  
  13  0:13  Overlord  
  13  0:18  Drone  
  14  0:31  Drone  
  14  0:32  Drone  
  16  0:36  Drone  
  17  0:53  Hatchery  
  17  0:56  Drone  
  17  0:59  Drone  
  18  1:13  Spawning Pool  
  18  1:14  Extractor  
  18  1:17  Drone  
  17  1:21  Drone  
  18  1:29  Drone  
  19  1:39  Overlord  
  19  2:00  Zergling x2, Queen  
  22  2:02  Zergling x2  
  22  2:05  Queen  
  22  2:06  Drone  
  26  2:13  Drone  
  26  2:15  Metabolic Boost  
  27  2:16  Drone  
  27  2:22  Drone  
  29  2:29  Drone  
  31  2:37  Drone  
  31  2:40  Overlord  
  31  2:44  Queen  
  31  2:46  Drone  
  34  2:54  Hatchery  
  34  2:56  Drone  
  34  3:00  Drone  
  34  3:03  Drone  
  36  3:06  Zergling x2  
  36  3:11  Zergling x2  
  38  3:13  Drone x3  
  41  3:21  Queen  
  41  3:23  Drone  
  41  3:25  Overlord  
  44  3:37  Extractor  
  44  3:40  Drone  
  44  3:44  Roach Warren, Zergling x4  
  44  3:46  Zergling x2  
  44  3:47  Drone x4  
  50  3:55  Drone, Zergling x2  
  51  3:56  Overlord  
  51  4:06  Queen  
  53  4:10  Drone x2  
  53  4:12  Overlord  
  53  4:14  Drone x2  
  57  4:22  Drone  
  58  4:25  Evolution Chamber, Roach  
  58  4:26  Roach x2  
  58  4:27  Roach  
  65  4:36  Roach  
  65  4:37  Roach  
  69  4:38  Overlord  
  69  4:45  Roach x2  
  70  4:46  Overlord  
  70  4:48  Roach  
  70  4:59  Drone  
  65  5:00  Drone x2  
  65  5:01  Lair  
  65  5:03  Drone  
  65  5:04  Drone x2  
  69  5:07  Drone x2  
  69  5:08  Drone  
  69  5:11  Zergling x4  
  74  5:16  Zerg Missile Weapons Level 1  
  74  5:17  Drone x2  
  74  5:19  Drone  
  75  5:27  Queen  
  77  5:30  Drone x2  
  77  5:31  Extractor  
  77  5:33  Drone  
  77  5:34  Drone x2  
  81  5:36  Drone  
  82  5:43  Drone x2  
  82  5:48  Drone x2  
  86  5:52  Roach  
  86  5:53  Roach  
  87  6:00  Roach x2  
  87  6:02  Drone x2  
  87  6:05  Extractor x2  
  87  6:06  Roach, Queen  
  87  6:09  Roach  
  87  6:10  Overlord  
  89  6:14  Spore Crawler  
  89  6:15  Hatchery  
  86  6:19  Infestation Pit  
  86  6:21  Drone  
  86  6:22  Drone x2  
  86  6:25  Drone x2  
  89  6:26  Extractor  
  89  6:32  Drone  
  89  6:39  Drone  
  90  6:43  Ravager  
  90  6:45  Drone x3  
  94  6:48  Drone  
  94  6:49  Overlord x3, Spore Crawler  
  94  6:51  Ravager x3  
  97  6:57  Hive  
  96  7:08  Drone  
  96  7:09  Drone, Roach x3  
  96  7:10  Roach x3  
  96  7:12  Zerg Missile Weapons Level 2  
  110  7:17  Evolution Chamber  
  110  7:18  Drone  
  110  7:19  Glial Reconstitution  
  110  7:22  Drone x3  
  113  7:23  Drone  
  113  7:25  Zergling x2  
  113  7:35  Drone  
  113  7:36  Drone x2  
  115  7:37  Drone  
  115  7:38  Drone x2  
  115  7:40  Drone x2  
  115  7:41  Drone  
  121  7:46  Zerg Ground Armor Level 1  
  121  7:49  Extractor  
  121  7:51  Overlord x2, Extractor  
  119  7:52  Ravager x2  
  119  7:54  Roach x3  
  119  7:58  Spine Crawler  
  126  8:02  Overlord x2  
  126  8:03  Drone  
  126  8:05  Overseer  
  127  8:06  Pneumatized Carapace  
  127  8:07  Overseer  
  126  8:13  Zergling x2  
  126  8:15  Drone x5  
  126  8:17  Drone x2  
  126  8:18  Drone  
  126  8:19  Roach x4  
  142  8:23  Drone  
  142  8:24  Ultralisk Cavern  
  142  8:46  Drone x2  
  142  8:48  Spine Crawler  
  141  8:50  Spine Crawler  
  131  9:01  Roach x3  
  131  9:02  Infestor x2  
  133  9:03  Infestor  
  133  9:07  Drone  
  133  9:08  Drone, Spine Crawler  
  133  9:09  Spine Crawler  
  139  9:11  Ultralisk x2  
  139  9:13  Overlord x2  
  139  9:14  Chitinous Plating, Overlord  
  139  9:15  Overseer  
  151  9:27  Overlord x2  
  151  9:28  Overlord, Zerg Melee Weapons Level 1  
  150  9:35  Ultralisk  
  150  9:36  Ultralisk, Zergling x16  
  150  9:37  Zergling x6  
  173  9:43  Overlord  
  173  9:44  Overlord  
  171  9:47  Ultralisk, Zergling x2  
  171  9:48  Zergling x4  
  171  9:50  Zerg Ground Armor Level 2  
  180  9:54  Zergling x4  
  181  10:00  Overlord  
  179  10:11  Ultralisk x2  
  179  10:12  Zergling x14  
  165  10:25  Ultralisk  
  165  10:26  Zergling x8  
  154  10:32  Ultralisk  
  154  10:33  Zergling x8  
  154  10:34  Zergling x2  
  162  10:43  Ultralisk, Zergling x2  
  162  10:44  Zergling x2  
  162  10:49  Roach  
  178  10:50  Roach x5  
  178  10:51  Zergling x10  
  178  10:56  Adrenal Glands  
  186  11:07  Ultralisk  
  191  11:15  Hatchery  
  179  11:26  Ultralisk x2  
  179  11:27  Zergling x18  
  199  11:37  Spire  
  191  11:51  Ultralisk  
  191  11:52  Zergling x6  
  199  11:58  Zergling x2  
Tags
 
Add a new tag
Caveats
  • Supply blocks, unpowered buildings, or Contaminate may cause inaccurate times.
  • Supply counts are checked every 10 seconds.